 Dungeon Crawl Stone Soup version 0.29.1-1-gd02db6906a (webtiles) character file.

Game seed: 13961350644652587584

2681 Ashen the Chiller (level 9, -5/65 HPs)
             Began as a Demonspawn Ice Elementalist on Sept 30, 2022.
             Slain by an orc warlord
             ... wielding a +3 battleaxe
              (23 damage)
             ... in a bailey.
             The game lasted 00:18:44 (8394 turns).

Ashen the Chiller (Demonspawn Ice Elementalist)     Turns: 8394, Time: 00:18:44

Health: -5/65      AC: 14    Str:  8    XL:     9   Next: 37%
Magic:  7/17       EV: 16    Int: 22    God:
Gold:   115        SH:  0    Dex: 13    Spells: 5/19 levels left

rFire   . . .      SeeInvis .   A - +2 dagger (venom)
rCold   . . .      Faith    .   (no shield)
rNeg    . . .      Spirit   .   C - +2 leather armour {rPois}
rPois   +          Reflect  .   (no helmet)
rElec   .          Harm     .   (no cloak)
rCorr   .          Rampage  .   (no gloves)
Will    .....                   (no boots)
Stlth   ++........              (no amulet)
HPRegen 0.20/turn               k - +4 ring of evasion
MPRegen 0.15/turn               (no ring)

@: sanguine armoured
A: claws 2, powered by death 2, sanguine armour 2
a: no special abilities


You were in a bailey.
You visited 1 branch of the dungeon, and saw 7 of its levels.
You also visited: Sewer and Bailey.

You collected 417 gold pieces.
You spent 302 gold pieces at shops.

Inventory:

Hand Weapons
 i - a +4 dagger
 p - the +8 rapier "Miybozump" {vamp, *Noise rF+ Will+}
   (You found it on level 2 of the Dungeon)

   It occasionally heals its wielder for a portion of the damage dealt when it
   wounds a living foe.
   rF:        It protects you from fire.
   *Noise:    It may make noises in combat.
   Will:      It increases your willpower.
 A - a +2 dagger of venom (weapon)
Missiles
 y - 2 poisoned darts
Armour
 a - a +0 robe
 v - the +1 leather armour of Sloth {rElec Int+3 Dex+2}
   (You found it on level 3 of the Dungeon)

   Int:       It affects your intelligence (+3).
   Dex:       It affects your dexterity (+2).
   rElec:     It insulates you from electricity.
 C - a +2 leather armour of poison resistance (worn)
Magical Staves
 l - a staff of conjuration
Jewellery
 k - a +4 ring of evasion (left claw)
Wands
 d - a wand of quicksilver (6)
 n - a wand of mindburst (11)
Scrolls
 h - 2 scrolls of butterflies {unknown}
 j - 4 scrolls of teleportation
 m - a scroll of enchant armour {unknown}
 o - a scroll of brand weapon {unknown}
 q - 3 scrolls of silence {unknown}
 u - a scroll of blinking {unknown}
 w - a scroll of enchant weapon
 x - 2 scrolls of amnesia {unknown}
 B - 2 scrolls of summoning {unknown}
 E - a scroll of magic mapping
 F - 2 scrolls of immolation {unknown}
 G - 3 scrolls of fear {unknown}
 K - a scroll of poison {unknown}
Potions
 b - a potion of magic
 c - a potion of curing
 e - 3 potions of brilliance
 f - 3 potions of flight
 r - a potion of might
 s - 3 potions of ambrosia
 t - a potion of mutation
 z - 2 potions of cancellation
 D - 3 potions of heal wounds
 H - 2 potions of attraction {unknown}
 I - 2 potions of invisibility {unknown}
 J - 2 potions of haste {unknown}


   Skills:
 + Level 4.0 Fighting
 + Level 4.1 Dodging
 + Level 4.5 Stealth
 * Level 5.9 Spellcasting
 * Level 5.6 Conjurations
 * Level 6.8 Ice Magic


You had 5 spell levels left.
You knew the following spells:

 Your Spells              Type           Power      Damage    Failure   Level
a - Freeze                Ice            100%       1d11      1%          1
b - Frozen Ramparts       Ice            72%        1d11      2%          3
c - Ozocubu's Armour      Ice            36%        N/A       2%          3
d - Hailstorm             Conj/Ice       34%        3d9       11%         4
e - Mephitic Cloud        Conj/Pois/Air  14%        N/A       19%         3

Your spell library contained the following spells:

 Spells                   Type           Power      Damage    Failure   Level
 Summon Small Mammal      Summ           24%        N/A       14%         1
 Blink                    Tloc           12%        N/A       21%         2
 Passwall                 Tmut/Erth      5%         N/A       21%         2
 Poisonous Vapours        Pois/Air       12%        N/A       21%         2
 Ice Form                 Ice/Tmut       21%        N/A       32%         4
 Call Canine Familiar     Summ           6%         N/A       38%         3
 Gell's Gravitas          Tloc           6%         N/A       38%         3
 Ignite Poison            Fire/Tmut/Pois 6%         N/A       38%         3
 Lesser Beckoning         Tloc           6%         N/A       38%         3
 Summon Guardian Golem    Hex/Summ       6%         N/A       38%         3
 Teleport Other           Tloc           6%         N/A       38%         3
 Sticky Flame             Conj/Fire      18%        2d4       38%         4
 Fireball                 Conj/Fire      9%         3d6       75%         5
 Corpse Rot               Necr/Pois/Air  6%         N/A       80%         4
 Manifold Assault         Tloc           6%         N/A       98%         5
 Dispersal                Tloc           3%         N/A       100%        6
 Storm Form               Tmut/Air       3%         N/A       100%        7


Dungeon Overview and Level Annotations

Branches:
Dungeon (7/15)             Temple (0/1) D:6           Sewer (visited)
 Bailey (1/1)

Altars:
Cheibriados
Hepliaklqana
Qazlal
Sif Muna
Uskayaw
Xom

Shops:
D:2 !   D:3 ?   D:5 (   D:6 !   D:7 :


Innate Abilities, Weirdness & Mutations

You have very sharp fingernails.
You regenerate health from kills.
When seriously injured, your blood forms thick armour. (AC +9)


Message History

The orc warlord looks as sick as possible!
The orc warlord is lightly wounded.
Your magical contamination has completely faded away.
Casting: Mephitic Cloud (dangerous; 19% risk of failure)
Confirm with . or Enter, or press ? or * to list all spells.
Aiming: Mephitic Cloud (dangerous; 19% risk of failure)
Press: ? - help, Shift-Dir - straight line, f/p - orc warlord
Aim: an orc warlord, wielding a +3 battleaxe and wearing a +0 chain mail (lightly wounded, confused, extremely poisoned, chance to affect: 29%)
The ball explodes into a vile cloud!
The stinking cloud engulfs the orc warlord but does no damage.
The orc warlord is lightly wounded.
The orc warlord seems less confused.
The orc warlord is engulfed in noxious fumes.
Casting: Mephitic Cloud (dangerous; 19% risk of failure)
Confirm with . or Enter, or press ? or * to list all spells.
Aiming: Mephitic Cloud (dangerous; 19% risk of failure)
Press: ? - help, Shift-Dir - straight line, f/p - orc warlord
Aim: an orc warlord, wielding a +3 battleaxe and wearing a +0 chain mail (lightly wounded, extremely poisoned, chance to affect: 29%)
The ball explodes into a vile cloud!
The stinking cloud engulfs the orc warlord but does no damage.
The orc warlord is lightly wounded.
The stinking cloud engulfs you but does no damage.
The orc warlord is engulfed in noxious fumes.
The orc warlord hits you with a +3 battleaxe!!
Your blood congeals into armour.
You hit the orc warlord but do no damage.
The orc warlord is lightly wounded.
The orc warlord is engulfed in noxious fumes.
The orc warlord hits you but does no damage.
You hit the orc warlord.
The orc warlord is moderately wounded.
The orc warlord is engulfed in noxious fumes.
The orc warlord appears confused.
The orc warlord hits you with a +3 battleaxe!!
* * * LOW HITPOINT WARNING * * *
You hit the orc warlord but do no damage.
The orc warlord is moderately wounded.
The orc warlord is engulfed in noxious fumes.
The orc warlord hits you with a +3 battleaxe!!
You die...

♣≈≈#..8..8()..'..)).'..........#
♣≈≈#.......)#########......8...#
♣≈≈##.....)##~~~#~~~####......##
♣...##...[.#~}.....~#~~#.....##
♣...(##....#~?........~#....##
♣.....#)...##8.8...8.8~##...#
......))....#.........~~'...#
∩.∩...(.....#....∩....~~'.[.#
......'.....#..○@○....~~'.[.#
♣.....#....##8.8o..8.8~##.[[#
♣....##....#~?.°°.....~#....##
♣...##.....#~|.°°..~#~~#.....##
♣≈≈##......##~~~#~~~####......##
♣≈≈#........#########......8...#
♣≈≈#..8..8....'.....'..........#
♣≈≈#..........#~~~~~#..........#
♣≈≈##.........#~~~~~#...8..8..##


You could see an orc warlord (confused, very poisoned).

Vanquished Creatures
  The ghost of Shym the Ruffian, a novice TrGl of Ru (D:5)
  A wyvern (D:7)
  Menkaure (D:4)
  A sky beast (D:6)
  3 orc warriors (Bailey)
  A phantom (D:5)
  Blork the orc (D:6)
  2 bullfrogs
  2 scorpions (D:6)
  A necrophage (D:6)
  10 killer bees
  A howler monkey (D:4)
  4 hounds
  An orc priest (D:4)
  A gnoll bouda (D:6)
  3 iguanas
  A jelly (D:6)
  3 orc wizards
  A mummy (D:5)
  3 gnolls (D:6)
  20 adders
  A worm (D:2)
  A dart slug (D:2)
  26 orcs
  9 ball pythons
  4 bats
  4 endoplasms
  14 giant cockroaches
  12 goblins
  18 hobgoblins
  3 jackals (D:4)
  9 kobolds
  8 quokkas
  11 frilled lizards
  7 rats
  A spectral hobgoblin (D:3)
  2 butterflies (D:3)
192 creatures vanquished.

Notes
Turn   | Place    | Note
-------+----------+-------------------------------------------
     0 | D:1      | Ashen the Demonspawn Ice Elementalist began the quest for
                  | the Orb.
     0 | D:1      | Reached XP level 1. HP: 13/13 MP: 3/3
   490 | D:1      | Found a faded altar of an unknown god.
   495 | D:1      | Gained mutation: When seriously injured, your blood forms
                  | armour. (AC +9) [demonic ancestry]
   495 | D:1      | Reached XP level 2. HP: 19/19 MP: 5/5
  1494 | D:2      | Identified the +8 rapier "Miybozump" {vamp, *Noise rF+
                  | Will+}
  1498 | D:2      | Gained mutation: You regenerate a little health from kills.
                  | [demonic ancestry]
  1498 | D:2      | Reached XP level 3. HP: 24/24 MP: 6/6
  1511 | D:2      | Found Syidiot's Distillery.
  1515 | D:2      | Reached skill level 4 in Ice Magic
  1523 | D:2      | Bought a potion of lignification for 39 gold pieces
  1751 | D:2      | Reached skill level 1 in Fighting
  1960 | D:3      | Found a hide-covered altar of Uskayaw.
  1960 | D:3      | Found a shimmering blue altar of Sif Muna.
  1961 | D:3      | Found a stormy altar of Qazlal.
  2163 | D:3      | Found Woebazem's Magic Scroll Boutique.
  2184 | D:3      | Learned a level 3 spell: Frozen Ramparts
  2188 | D:3      | Learned a level 3 spell: Ozocubu's Armour
  2188 | D:3      | Found a glowing drain.
  2193 | Sewer    | Entered a sewer
  2375 | Sewer    | Reached XP level 4. HP: 32/32 MP: 8/8
  2600 | Sewer    | Noticed a bullfrog
  2611 | Sewer    | Killed a bullfrog
  2612 | Sewer    | Reached skill level 1 in Conjurations
  2612 | Sewer    | Reached XP level 5. HP: 34/37 MP: 3/9
  2619 | Sewer    | Identified the +0 chain mail of Fixegg {Dex+8}
  2889 | D:3      | Bought a scroll of identify for 20 gold pieces
  2889 | D:3      | Bought a scroll of enchant weapon for 75 gold pieces
  2927 | D:3      | Identified the +1 leather armour of Sloth {rElec Int+3
                  | Dex+2}
  3365 | D:3      | Found a hazy altar of Hepliaklqana.
  3518 | D:3      | Gained mutation: You have sharp fingernails. [demonic
                  | ancestry]
  3518 | D:3      | Reached XP level 6. HP: 44/44 MP: 7/10
  3724 | D:3      | Found a shimmering altar of Xom.
  3911 | D:4      | Noticed Menkaure
  3921 | D:4      | Killed Menkaure
  4340 | D:4      | You fall into a shaft and drop 1 floor!
  4340 | D:5      | Entered Level 5 of the Dungeon
  4354 | D:5      | Reached skill level 5 in Ice Magic
  4354 | D:5      | Gained mutation: When seriously injured, your blood forms
                  | thick armour. (AC +9) [demonic ancestry]
  4354 | D:5      | Reached XP level 7. HP: 31/50 MP: 9/12
  4448 | D:5      | Found a large runed translucent door.
  4449 | D:5      | Found a large runed translucent door.
  4453 | D:5      | Noticed Shym's ghost (novice TrGl)
  5543 | D:5      | Found Gem Moca's Antique Weapon Emporium.
  6335 | D:5      | Found a snail-covered altar of Cheibriados.
  6467 | D:5      | Killed Shym's ghost
  6468 | D:5      | Gained mutation: You have very sharp fingernails. [demonic
                  | ancestry]
  6468 | D:5      | Reached XP level 8. HP: 31/58 MP: 13/15
  6823 | D:6      | Found a staircase to the Ecumenical Temple.
  6841 | D:6      | Found Pacleas's Distillery.
  6850 | D:6      | Bought a potion of resistance for 120 gold pieces
  6850 | D:6      | Bought a potion of curing for 36 gold pieces
  6850 | D:6      | Bought a potion of degeneration for 12 gold pieces
  7013 | D:6      | Reached skill level 5 in Spellcasting
  7013 | D:6      | Reached skill level 6 in Ice Magic
  7125 | D:6      | Noticed Blork the orc
  7203 | D:6      | Killed Blork the orc
  7429 | D:6      | Reached skill level 5 in Conjurations
  7505 | D:6      | Gained mutation: You regenerate health from kills. [demonic
                  | ancestry]
  7505 | D:6      | Reached XP level 9. HP: 50/65 MP: 15/17
  7643 | D:7      | Got the Spellbook of Torrid Pollution
  7930 | D:7      | Found Kuotef's Book Shoppe.
  7952 | D:7      | Found a flagged portal.
  7970 | Bailey   | Entered a bailey
  7995 | Bailey   | Noticed an orc warlord
  8013 | Bailey   | Acquired Sif Muna's Exposition on Pestilent Sculpting
  8045 | Bailey   | Learned a level 4 spell: Hailstorm
  8049 | Bailey   | Learned a level 3 spell: Mephitic Cloud
  8117 | Bailey   | Found a runed translucent gate.
  8120 | Bailey   | Found a runed translucent gate.
  8121 | Bailey   | Found a runed translucent gate.
  8394 | Bailey   | Slain by an orc warlord

Illustrated notes

Levels and vault maps discovered:
D:1:      dpeg_arrival_rooms_c, layout_basic, dreamdust_ecumenical_altar_statues
D:2:      layout_loops_ring, serial_shops, shop_fountains
D:3:      layout_basic, grunt_temple_overflow_open,
          nicolae_hepliaklqana_monster_ancestors, xom_butterflies,
          portal_sewer_entry_e, serial_shops, nicolae_shop_behind_doors,
          serial_park_tiny_pond, minmay_snake_closets
D:4:      layout_basic, uniq_menkaure
D:5:      layout_basic, slow_altar_2, serial_shops, shop,
          ebering_ghost_disaster_area, chequers_decorated_corner,
          hangedman_glass_teeth, grunt_ministairs_6, corexii_leaking_fountain,
          eino_tiny_chamber
D:6:      layout_gridville, temple_green, serial_shops, nicolae_lakefront_shop,
          uniq_blork_the_orc
D:7:      layout_cave_pools, mainiacjoe_overflow_alcove_4, enter_bailey_4,
          serial_shops, nicolae_shop_stone, minmay_shop_chei,
          lightli_orcish_oven
Bailey:   bailey_axe_bossmonster_kennysheep, bailey

Skill      XL: |  1  2  3  4  5  6  7  8  9 |
---------------+----------------------------+-----
Stealth        | 2 3 4 |  4.5
Dodging        | 2 3 4 |  4.1
Ice Magic      | 4 5 6 |  6.8
Fighting       | 1 2 3 4 |  4.0
Spellcasting   | 3 4 5 |  5.9
Conjurations   | 1 2 4 5 |  5.6

Action                   |  1- 3 |  4- 6 |  7- 9 || total
-------------------------+-------+-------+-------++-------
Melee: Unarmed           |     4 |       |       ||     4
       Dagger            |    73 |   128 |     5 ||   206
       Punch             |     1 |       |     2 ||     3
       Rapier            |       |    16 |   212 ||   228
 Cast: Freeze            |    40 |    25 |    14 ||    79
       Frozen Ramparts   |       |     1 |    10 ||    11
       Ozocubu's Armour  |       |       |     8 ||     8
       Mephitic Cloud    |       |       |     6 ||     6
  Use: Scroll            |     1 |       |    10 ||    11
       Potion            |       |       |     6 ||     6
 Stab: Sleeping          |     2 |     9 |     8 ||    19
       Confused          |       |       |     1 ||     1
Armor: Robe              |    10 |     4 |     7 ||    21
       Leather armour    |       |    17 |    47 ||    64
       Skin              |       |       |     7 ||     7
Dodge: Dodged            |    86 |   115 |   252 ||   453
